AoeStats
← Michi3052

Arabia

508494695Analyzed
1v1 RM · 9d ago on Sep 22, 2026· 36m 1s· 2 players
Game mode
Random Map
Map size
Tiny (2 player)
Population
200
Speed
Normal
Resources
Standard
Victory
Conquest
Starting age
Dark Age
Ending age
Imperial Age
RankedLock teamsTeams togetherTeam positionsShared explorationLock speedFull tech treeHidden civsTurbo modeCheats
Victory
Defeat
🇩🇪 Chinese · Germany
728
+16
🇪🇸 Saracens · Spain
719
-16
Michi3052
11:45 Feudal Age
19:45 Castle Age
19:38 Double-Bit Axe
21:33 Gold Mining
24:30 Wheelbarrow
23:41 Loom
25:25 Town Watch
27:43 Fletching
28:11 Horse Collar
31:34 Hand Cart
33:05 Bodkin Arrow
33:12 Padded Archer Armor
36:03 Leather Archer Armor
perspektive
0:34 Loom
10:22 Feudal Age
11:12 Double-Bit Axe
11:18 Horse Collar
18:54 Castle Age
18:03 Gold Mining
18:15 Stone Mining
19:03 Crossbowman
20:11 Bow Saw
20:08 Fletching
20:48 Heavy Plow
21:43 Gold Shaft Mining
22:01 Bodkin Arrow
22:07 Padded Archer Armor
22:39 Town Watch
28:06 Murder Holes
29:39 Leather Archer Armor
33:31 Imperial Age
32:41 Ballistics
33:15 Thumb Ring
33:18 Pikeman
37:17 Two-Man Saw
36:37 Bracer
37:08 Ring Archer Armor
36:38 Scale Mail Armor
Connection lost

Rejoining the realm…

Still unreachable

The connection could not be restored.

Session expired

The server has moved on; the page needs a fresh start.